 Dungeon Crawl Stone Soup version 0.28-a0-247-gb8bfbab023 (webtiles) character file.

Game seed: 8540278616065047114

439 bande the Chopper (level 7, -2/44 HPs)
             Began as a Gargoyle Fighter on Aug 26, 2021.
             Splashed by Ijyb's acid (13 damage)
             ... on level 4 of the Dungeon.
             The game lasted 00:07:51 (3678 turns).

bande the Chopper (Gargoyle Fighter)                Turns: 3678, Time: 00:07:51

Health: -2/44      AC: 17    Str: 21    XL:     7   Next: 1%
Magic:  7/7        EV:  4    Int:  8    God:
Gold:   167        SH:  9    Dex: 10    Spells: 6/6 levels left

rFire   . . .      SeeInvis .   a - +0 war axe (drain)
rCold   . . .      Faith    .   c - +1 kite shield
rNeg    + . .      Spirit   .   f - +0 plate armour
rPois   ∞          Reflect  .   m - +1 helmet
rElec   +          Harm     .   n - +0 cloak
rCorr   .          Rampage  .   (no gloves)
Will    .....                   h - +0 pair of boots
Stlth   ..........              (no amulet)
HPRegen 0.14/turn               (no ring)
MPRegen 0.10/turn               (no ring)

@: corroded
A: sickness immunity, AC +4, negative energy resistance 1, electricity
resistance, torment resistance 1, petrification resistance
a: no special abilities


You were on level 4 of the Dungeon.
You visited 1 branch of the dungeon, and saw 4 of its levels.

You collected 167 gold pieces.

Inventory:

Hand Weapons
 a - a +0 war axe of draining (weapon)
Armour
 c - a +1 kite shield (worn)
 f - a +0 plate armour (worn)
 h - a +0 pair of boots (worn)
 m - a +1 helmet (worn)
 n - a +0 cloak (worn)
Scrolls
 b - a scroll of identify
 j - 3 scrolls of brand weapon
 o - a scroll of blinking {unknown}
 p - a scroll of amnesia {unknown}
Potions
 d - 2 potions of might
 e - a potion of cancellation
 g - a potion of haste
 i - a potion of resistance
 k - a potion of ambrosia
 l - a potion of curing


   Skills:
 + Level 4.4 Fighting
 + Level 4.8 Axes
 + Level 4.6 Armour
 + Level 0.1 Dodging
 + Level 4.5 Shields


You had 6 spell levels left.
You didn't know any spells.
Your spell library contained the following spells:

 Spells                   Type           Power      Damage    Failure   Level
 Corona                   Hex            0%         N/A       100%        1
 Ensorcelled Hibernation  Hex/Ice        0%         N/A       100%        2
 Tukima's Dance           Hex            0%         N/A       100%        3
 Fireball                 Conj/Fire      0%         3d3       100%        5
 Iskenderun's Battlesphe  Conj           0%         2d6       100%        5
 Conjure Ball Lightning   Conj/Air       0%         3x3d6     100%        6
 Orb of Destruction       Conj           0%         N/A       100%        7


Dungeon Overview and Level Annotations

Branches:
Dungeon (4/15)
 Temple: D:4-7

Altars:
Dithmenos

Shops:
D:3 !

Annotations:
D:4 1 runed translucent door, Crazy Yiuf, Ijyb


Innate Abilities, Weirdness & Mutations

You are immune to sickness and miasma.
Your stone body is resilient. (AC +4)
You are immune to poison.
You resist negative energy. (rN+)
You are resistant to electric shocks. (rElec)
You are resistant to unholy torment.
You are immune to petrification.


Message History

a +0 dagger; a +0 dagger
Things that are here:
a +8 vorpal spear; a +0 animal skin; a +0 club You open the door.
There is an open door here.
There is an open door here.
Ijyb the Twisted Goblin comes into view.
She is wielding a +2 dagger of pain and carrying a wand of acid (7).
Ijyb shouts!
Ijyb zaps a wand.
The bolt of acid hits you but does no damage.
You are splashed with acid!
You hit Ijyb but do no damage. You drain Ijyb.
Ijyb is lightly wounded.
You block Ijyb's attack.
You slash Ijyb!
Ijyb is heavily wounded.
You block Ijyb's attack. Ijyb hits you but does no damage.
You closely miss Ijyb.
Ijyb is heavily wounded.
Ijyb hits you with a +2 dagger of pain.
You slash Ijyb! You drain Ijyb.
Ijyb is almost dead.
Ijyb hits you with a +2 dagger of pain.
Ijyb zaps a wand.
The bolt of acid hits you. The acid corrodes you!
You are splashed with acid!
* * * LOW HITPOINT WARNING * * *
You are too injured to fight recklessly!
You are too injured to fight recklessly!
You are too injured to fight recklessly!
You are too injured to fight recklessly!
You are too injured to fight recklessly!
You are too injured to fight recklessly!
You are too injured to fight recklessly!
You are too injured to fight recklessly!
You are too injured to fight recklessly!
You hit Ijyb but do no damage.
Ijyb is almost dead.
Ijyb zaps a wand.
The bolt of acid hits you.
* * * LOW HITPOINT WARNING * * *
You are splashed with acid!
You die...

#.........#.# ##### ########
##########.# .......# #.#
.#####.# #.######## .#####.#
#.##...... ....##.# ###########
##.##.###.# .#...#.# #.........#
##...#.###.# .......#
#...##.###........... .......##
#g@.........#.###.# ........#
#...##.#####.##.# #.#
........##.........# #.##.###..
........######.##### #.##......
.......## #. ..# ##'########
#.....## ## #.# ##...## #....##
####.# ##.....## ..####
##.##)###.......## #
..###########...#.##.........####


You could see Ijyb (drained).

Vanquished Creatures
  A phantom (D:4)
  A scorpion (D:4)
  A water moccasin skeleton (D:4)
  Jessica (D:2)
  Natasha (thrice) (D:2)
  Robin (D:4)
  5 adders
  A worm (D:2)
  5 dart slugs
  3 orcs
  5 bats
  3 endoplasms
  2 giant cockroaches (D:2)
  17 goblins
  8 hobgoblins
  3 jackals
  3 quokkas
  9 ball pythons
  3 frilled lizards (D:1)
  4 kobolds
  9 rats
88 creatures vanquished.

Notes
Turn   | Place    | Note
-------+----------+-------------------------------------------
     0 | D:1      | bande the Gargoyle Fighter began the quest for the Orb.
     0 | D:1      | Reached XP level 1. HP: 14/14 MP: 1/1
   227 | D:1      | Reached XP level 2. HP: 19/19 MP: 2/2
   610 | D:1      | Reached XP level 3. HP: 22/23 MP: 3/3
  1045 | D:2      | Noticed Jessica
  1049 | D:2      | Killed Jessica
  1050 | D:2      | Reached XP level 4. HP: 22/29 MP: 4/4
  1158 | D:2      | Found a faded altar of an unknown god.
  1288 | D:2      | Found a shadowy altar of Dithmenos.
  1524 | D:2      | Noticed Natasha
  1535 | D:2      | Killed Natasha
  1536 | D:2      | Reached XP level 5. HP: 23/33 MP: 5/5
  1804 | D:2      | Noticed Natasha
  1809 | D:2      | Killed Natasha
  1980 | D:2      | Noticed Natasha
  1988 | D:2      | Killed Natasha
  2340 | D:3      | Found Lufusuyc's Distillery.
  2621 | D:4      | Found a runed translucent door.
  2622 | D:4      | Noticed Crazy Yiuf
  2694 | D:4      | Noticed a phantom
  2719 | D:4      | Killed a phantom
  2720 | D:4      | Reached XP level 6. HP: 19/38 MP: 6/6
  2994 | D:4      | Noticed Robin
  3025 | D:4      | Killed Robin
  3370 | D:4      | Reached XP level 7. HP: 44/44 MP: 7/7
  3670 | D:4      | Noticed Ijyb
  3678 | D:4      | Splashed by Ijyb's acid

Illustrated notes

Levels and vault maps discovered:
D:1:      minmay_arrival_loop, layout_basic, minmay_hexomino_p4
D:2:      layout_loops_ring, basic_altar,
          shapermc_ecumenical_altar_totnotflames, uniq_natasha, uniq_jessica
D:3:      layout_rooms, serial_shops, nicolae_shop_crystal
D:4:      layout_loops_corners, uniq_robin, uniq_crazy_yiuf_cottage, uniq_ijyb

Skill      XL: |  1  2  3  4  5 |
---------------+----------------+-----
Axes           | 2 3 4 |  4.8
Armour         | 4 |  4.6
Fighting       | 4 |  4.4
Shields        | 4 |  4.5
Dodging        | |  0.1

Action                   |  1- 3 |  4- 6 |  7- 9 || total
-------------------------+-------+-------+-------++-------
Melee: War axe           |    92 |   165 |    11 ||   268
  Use: Scroll            |     6 |     4 |       ||    10
       Potion            |       |     3 |       ||     3
Armor: Plate armour      |    82 |   138 |     6 ||   226
Dodge: Dodged            |    17 |    31 |     1 ||    49
Block: Kite shield       |    48 |    79 |     4 ||   131

Table legend: (Time is in decaauts)
 A = Elapsed time spent in this place.
 B = Non-inter-level travel time spent in this place.
 C = Inter-level travel time spent in this place.
 D = Time resting spent in this place.
 E = Time spent auto-exploring this place.
 F = Levels seen in this place.
 G = Mean time per level.
                   A        B        C        D        E       F      G
               +--------+--------+--------+--------+--------+-----+--------+
         Total |   3828 |   3791 |     37 |    536 |   2338 |   4 |  957.0 |
       Dungeon |   3828 |   3791 |     37 |    536 |   2338 |   4 |  957.0 |
               +--------+--------+--------+--------+--------+-----+--------+

Top non-repeatable levels by time:
     D:2: 1239 daAuts
     D:4: 1217 daAuts
     D:1: 991 daAuts
     D:3: 380 daAuts
